 Dungeon Crawl Stone Soup version 0.29.1-15-g9cfb28693d (webtiles) character file.

Game seed: 12131535399766392403

283 Renzlar the Shield-Bearer (level 6, 0/53 HPs)
             Began as a Gnoll Fighter on Mar 11, 2023.
             Slain by a worm (6 damage)
             ... on level 4 of the Dungeon.
             The game lasted 00:09:16 (3001 turns).

Renzlar the Shield-Bearer (Gnoll Fighter)           Turns: 3001, Time: 00:09:17

Health: 0/53       AC: 13    Str: 18    XL:     6   Next: 28%
Magic:  8/9        EV: 10    Int:  7    God:
Gold:   62         SH:  5    Dex: 11    Spells: 9/9 levels left

rFire   . . .      SeeInvis .   a - +2 war axe
rCold   . . .      Faith    .   f - +0 buckler
rNeg    . . .      Spirit   .   b - +1 scale mail
rPois   .          Reflect  .   (no helmet)
rElec   .          Harm     .   (no cloak)
rCorr   .          Rampage  .   m - +2 pair of gloves
Will    .....                   j - +0 pair of boots
Stlth   ..........              (no amulet)
HPRegen 0.17/turn               (no ring)
MPRegen 0.11/turn               (no ring)

@: no status effects
A: fangs 1, strong nose, distributed training
a: no special abilities


You were on level 4 of the Dungeon.
You visited 1 branch of the dungeon, and saw 4 of its levels.

You collected 123 gold pieces.
You spent 61 gold pieces at shops.

Inventory:

Hand Weapons
 a - a +2 war axe (weapon)
 c - a +0 sling of flaming
 i - a +2 dagger of protection
Missiles
 k - 10 poisoned darts
Armour
 b - a +1 scale mail (worn)
 f - a +0 buckler (worn)
 j - a +0 pair of boots (worn)
 m - a +2 pair of gloves (worn)
Wands
 o - a wand of polymorph (11)
Scrolls
 h - 2 scrolls of teleportation
 n - a scroll of enchant armour
Potions
 d - a potion of might
 e - 2 potions of curing
 g - 3 potions of attraction
 l - a potion of brilliance {unknown}
 p - 2 potions of haste {unknown}


   Skills:
 + Level 6.8 Fighting
 + Level 2.0 Short Blades
 + Level 2.0 Long Blades
 + Level 5.0 Axes
 + Level 2.0 Maces & Flails
 + Level 2.0 Polearms
 + Level 2.0 Staves
 + Level 2.0 Ranged Weapons
 + Level 2.0 Throwing
 + Level 6.8 Armour
 + Level 2.0 Dodging
 + Level 2.0 Stealth
 + Level 6.8 Shields
 + Level 2.0 Unarmed Combat
 + Level 2.0 Spellcasting
 + Level 1.5 Conjurations
 + Level 1.5 Hexes
 + Level 1.5 Summonings
 + Level 1.5 Necromancy
 + Level 1.5 Translocations
 + Level 1.5 Transmutations
 + Level 1.5 Fire Magic
 + Level 1.5 Ice Magic
 + Level 1.5 Air Magic
 + Level 1.5 Earth Magic
 + Level 1.5 Poison Magic
 + Level 2.2 Invocations
 + Level 2.0 Evocations


You had 9 spell levels left.
You didn't know any spells.
Your spell library contained the following spells:

 Spells                   Type           Power      Damage    Failure   Level
 Summon Small Mammal      Summ           8%         N/A       56%         1
 Call Canine Familiar     Summ           2%         N/A       91%         3
 Summon Guardian Golem    Hex/Summ       2%         N/A       91%         3
 Chain Lightning          Conj/Air       1%         3d1       100%        9
 Fire Storm               Conj/Fire      1%         7d1       100%        9
 Shatter                  Erth           1%         3d5*      100%        9


Dungeon Overview and Level Annotations

Branches:
Dungeon (4/15)
 Temple: D:4-7

Altars:
Gozag
Zin

Shops:
D:3 (   D:4 :


Innate Abilities, Weirdness & Mutations

You have very sharp teeth.
Your uncanny sense of smell can sniff out nearby items.
Your experience applies equally to all skills.


Message History

The wight completely misses you. The wight closely misses you.
You barely miss the wight. Your bite misses the wight.
The wight is almost destroyed.
A worm comes into view.
The wight hits you with a +1 trident!
You feel drained.
* * * LOW HITPOINT WARNING * * *
You hit the wight but do no damage.
The wight is almost destroyed.
The wight hits you but does no damage.
You barely miss the wight. You bite the wight, but do no damage.
The wight is almost destroyed.
The wight hits you with a +1 trident!
* * * LOW HITPOINT WARNING * * *
You closely miss the wight.
The wight is almost destroyed.
The wight hits you but does no damage. The wight barely misses you.
You closely miss the wight. You bite the wight.
You destroy the wight!
Your life force feels restored.
Your Short Blades skill increases to level 2!
Your Long Blades skill increases to level 2!
Your Axes skill increases to level 5!
Your Maces & Flails skill increases to level 2!
Your Polearms skill increases to level 2!
Your Staves skill increases to level 2!
Your Ranged Weapons skill increases to level 2!
Your Throwing skill increases to level 2!
Your Dodging skill increases to level 2!
Your Stealth skill increases to level 2!
Your Unarmed Combat skill increases to level 2!
Your Spellcasting skill increases to level 2!
Your Evocations skill increases to level 2!
Unknown command.
You block the worm's attack.
You barely miss the worm. Your bite misses the worm.
You block the worm's attack.
You hit the worm. You bite the worm, but do no damage.
The worm is lightly wounded.
The worm bites you.
You die...

...P #.....
#...............##
#.#.... .........
#..._.###...##..#
#[....##.....#.###
###.....#..........
#.[.P.#.....⌠.⌠.#..
#.P........[....#
#####.P...#..@w∩..<.#
#..<..P.#..)).....###
#.###.|.##.#..⌠.⌠....
# #...##.##......##
#.P.##.##..#####
#.P....##..#
#.P.####.... #.P.#
#.#.. #....


You could see a worm.

Vanquished Creatures
  2 wights (D:4)
  An orc priest (D:3)
  An orc wizard (D:3)
  5 adders
  2 dart slugs (D:1)
  2 orcs (D:3)
  5 endoplasms
  7 giant cockroaches
  8 goblins
  4 hobgoblins
  3 jackals (D:3)
  8 kobolds
  4 quokkas
  6 ball pythons
  6 bats
  A frilled lizard (D:2)
  4 rats
69 creatures vanquished.

Vanquished Creatures (collateral kills)
  2 ball pythons (D:1)
  A goblin (D:1)
  A frilled lizard (D:1)
4 creatures vanquished.

Vanquished Creatures (others)
  8 plants (D:2)
8 creatures vanquished.

Grand Total: 81 creatures vanquished

Notes
Turn   | Place    | Note
-------+----------+-------------------------------------------
     0 | D:1      | Renzlar the Gnoll Fighter began the quest for the Orb.
     0 | D:1      | Reached XP level 1. HP: 23/23 MP: 1/1
    85 | D:1      | Found a faded altar of an unknown god.
    95 | D:1      | Reached XP level 2. HP: 27/29 MP: 2/2
   368 | D:1      | Reached XP level 3. HP: 29/35 MP: 3/3
   902 | D:2      | Reached skill level 1 in Invocations
   924 | D:2      | Reached skill level 1 in Short Blades
   924 | D:2      | Reached skill level 1 in Long Blades
   924 | D:2      | Reached skill level 1 in Maces & Flails
   924 | D:2      | Reached skill level 1 in Polearms
   924 | D:2      | Reached skill level 1 in Staves
   924 | D:2      | Reached skill level 1 in Ranged Weapons
   924 | D:2      | Reached skill level 1 in Throwing
   924 | D:2      | Reached skill level 1 in Dodging
   924 | D:2      | Reached skill level 1 in Stealth
   924 | D:2      | Reached skill level 1 in Unarmed Combat
   924 | D:2      | Reached skill level 1 in Spellcasting
   924 | D:2      | Reached skill level 1 in Evocations
   966 | D:2      | Reached XP level 4. HP: 41/41 MP: 5/5
  1264 | D:2      | Reached skill level 1 in Conjurations
  1264 | D:2      | Reached skill level 1 in Hexes
  1264 | D:2      | Reached skill level 1 in Summonings
  1264 | D:2      | Reached skill level 1 in Necromancy
  1264 | D:2      | Reached skill level 1 in Translocations
  1264 | D:2      | Reached skill level 1 in Transmutations
  1264 | D:2      | Reached skill level 1 in Fire Magic
  1264 | D:2      | Reached skill level 1 in Ice Magic
  1264 | D:2      | Reached skill level 1 in Air Magic
  1264 | D:2      | Reached skill level 1 in Earth Magic
  1264 | D:2      | Reached skill level 1 in Poison Magic
  1799 | D:3      | Found a glowing silver altar of Zin.
  2011 | D:3      | HP: 2/41 [orc priest/divine providence (8)]
  2015 | D:3      | Reached XP level 5. HP: 1/47 MP: 5/7
  2832 | D:3      | Found Edireuss's Weapon Shop.
  2835 | D:3      | Bought a +0 sling of flaming for 61 gold pieces
  2963 | D:4      | Found an opulent altar of Gozag.
  2971 | D:4      | Found Lyppaigo's Vocational Training.
  2982 | D:4      | Reached XP level 6. HP: 35/53 MP: 8/8
  2997 | D:4      | Reached skill level 5 in Axes
  3001 | D:4      | Slain by a worm

Illustrated notes

Levels and vault maps discovered:
D:1:      eino_arrival_water_star, layout_basic, serial_rivers,
          chequers_serial_rivers_micro_e, chequers_serial_rivers_marsh,
          chequers_serial_rivers_large_b, chequers_serial_rivers_room_b,
          chequers_serial_rivers_marsh, chequers_serial_rivers_micro_c,
          hellmonk_ecumenical_altar_blasted
D:2:      layout_loops_ring, serial_forest, infiniplex_forest_straight_5,
          infiniplex_forest_side_room, infiniplex_forest_clump_medium,
          infiniplex_forest_join, infiniplex_forest_clump_small,
          infiniplex_forest_lined_2, mrwooster_statue_mirror
D:3:      layout_basic, mainiacjoe_overflow_concentric_impassable,
          serial_co_window_serial, co_window_paths_a, co_window_corner_a,
          co_window_cross_1, co_window_paths_a, co_window_paths_b,
          co_window_corner_b, co_window_of_opportunity_b,
          co_window_unsneaky_path_d, co_window_cross_2, co_window_corner_ca,
          co_window_broadway_c, co_window_4corner_a, serial_shops,
          nicolae_shop_behind_doors
D:4:      minmay_chambers_of_threes, layout_loops_ring,
          mainiacjoe_overflow_boulevard, grunt_qazlal_sundering,
          nicolae_tso_carved_into_rock, nicolae_hepliaklqana_hippocampus,
          nemelex_dance_club_becter, nicolae_shop_vocational

Skill      XL: |  1  2  3  4  5  6 |
---------------+-------------------+-----
Invocations    | 1 2 |  2.2
Short Blades   | 1 2 |  2.0
Long Blades    | 1 2 |  2.0
Maces & Flails | 1 2 |  2.0
Polearms       | 1 2 |  2.0
Staves         | 1 2 |  2.0
Ranged Weapons | 1 2 |  2.0
Throwing       | 1 2 |  2.0
Dodging        | 1 2 |  2.0
Stealth        | 1 2 |  2.0
Unarmed Combat | 1 2 |  2.0
Spellcasting   | 1 2 |  2.0
Evocations     | 1 2 |  2.0
Conjurations   | 1 |  1.5
Hexes          | 1 |  1.5
Summonings     | 1 |  1.5
Necromancy     | 1 |  1.5
Translocations | 1 |  1.5
Transmutations | 1 |  1.5
Fire Magic     | 1 |  1.5
Ice Magic      | 1 |  1.5
Air Magic      | 1 |  1.5
Earth Magic    | 1 |  1.5
Poison Magic   | 1 |  1.5
Axes           | 5 |  5.0
Fighting       | |  6.8
Armour         | |  6.8
Shields        | |  6.8

Action                   |  1- 3 |  4- 6 || total
-------------------------+-------+-------++-------
Melee: War axe           |    48 |    85 ||   133
       Bite              |     3 |    11 ||    14
 Fire: Sling             |    48 |    63 ||   111
  Use: Scroll            |     6 |     3 ||     9
Armor: Scale mail        |    48 |    56 ||   104
Dodge: Dodged            |    39 |    30 ||    69
Block: Buckler           |    20 |    27 ||    47
